 Dungeon Crawl Stone Soup version 0.27-a0-1312-g5cdb2b3542 (webtiles) character file.

Game seed: 226399461663940211

702525 Snarg the Sorcerer (level 27, -29/202 HPs)
             Began as a Djinni Wanderer on May 14, 2021.
             Was the Champion of the Shining One.
             Annihilated by Asmodeus (38 damage)
             ... on level 7 of Gehenna on June 20, 2021.
             The game lasted 18:29:00 (164287 turns).

Snarg the Sorcerer (Djinni Wanderer)              Turns: 164287, Time: 18:29:00

Health: -29/202    AC: 17    Str: 12    XL:     27
Gold:   5328       EV: 21    Int: 30    God:    the Shining One [******] SH: 30 Dex: 13

rFire    + + +     SeeInvis .   a - +8 eudemon blade (holy)
rCold    + + .     Faith    .   U - +4 kite shield {reflect}
rNeg     + + +     Spirit   .   v - quicksilver dragon scales
rPois    ∞         Reflect  +   N - +2 hat {Int+3}
rElec    +         Harm     .   G - scarf {rC+ rF+}
rCorr    +         Rampage  .   D - +0 pair of gloves of Devotion {rC++ Will+ Str-5 Int+3}
Will     +++++                  (boots unavailable)
Stlth    ++........             w - amulet "Fazopt" {Will++ Regen+}
HPRegen  1.43/turn              X - ring of Makhleb's Inspiration {rElec rPois Will- rCorr Str+3}
MPRegen  0.00/turn              J - ring of wizardry

@: divinely shielded, flying, hasted, glowing, very quick
A: sickness immunity, fire resistance 2, cold vulnerability 1, float, innate
caster, hp casting, extra vitality 1, sturdy frame 1
}: 3/15 runes: serpentine, barnacled, silver
a: Renounce Religion, Divine Shield, Cleansing Flame, Summon Divine Warrior


You were on level 7 of Gehenna.
You worshipped the Shining One.
The Shining One was exalted by your worship.
You visited 13 branches of the dungeon, and saw 60 of its levels.
You visited the Abyss 2 times.
You visited 1 bazaar.
You also visited: Ossuary, Volcano and Wizlab.

You collected 9328 gold pieces.
You spent 4000 gold pieces at shops.

Inventory:

Hand Weapons
 a - a +8 eudemon blade of holy wrath (weapon)
 b - the +7 captain's cutlass {speed, disarm}
   (You found it on level 2 of the Snake Pit)

   Attacks with this weapon are significantly faster.
 m - a +0 antimagic rapier
 u - a +3 long sword of freezing
Missiles
 g - 8 throwing nets
 H - 5 javelins
 Q - 13 curare-tipped darts
Armour
 v - quicksilver dragon scales (worn)
 D - the +0 pair of gloves of Devotion (worn) {rC++ Will+ Str-5 Int+3}
   (You found it on level 4 of the Realm of Zot)

   It affects your strength (-5).
   It affects your intelligence (+3).
   It greatly protects you from cold.
   It increases your willpower.
 G - a scarf of resistance (worn)
 N - a +2 hat of intelligence (worn)
 U - a +4 kite shield of reflection (worn)
Magical Staves
 f - a staff of fire
Jewellery
 d - a +6 ring of intelligence
 s - a ring of protection from cold
 w - the amulet "Fazopt" (around neck) {Will++ Regen+}
   (You acquired it on level 1 of the Snake Pit)

   [amulet of regeneration]

   It increases your rate of health regeneration.
   It greatly increases your willpower.
 J - a ring of wizardry (right hand)
 L - the ring "Zeixurgh" {Ice rN++}
   (You took it off a necromancer on level 3 of the Crypt)

   [ring of ice]

   It enhances your ice magic.
   It makes you vulnerable to fire.
   It protects you from cold.
   It greatly protects you from negative energy.
 X - the ring of Makhleb's Inspiration (left hand) {rElec rPois Will- rCorr Str+3}
   (You took it off a necromancer on level 3 of the Crypt)

   [ring of resist corrosion]

   It affects your strength (+3).
   It insulates you from electricity.
   It protects you from poison.
   It protects you from acid and corrosion.
   It decreases your willpower.
Wands
 i - a wand of paralysis (55)
 l - a wand of charming (23)
 p - a wand of iceblast (52)
 B - a wand of flame (60)
 M - a wand of digging (10)
 O - a wand of polymorph (52)
 S - a wand of acid (2)
 W - a wand of mindburst (32)
Scrolls
 e - a scroll of fear
 k - 2 scrolls of blinking
 o - 30 scrolls of identify
 y - 2 scrolls of teleportation
 A - 2 scrolls of silence
 C - 4 scrolls of fog
 E - 2 scrolls of holy word
 I - 6 scrolls of vulnerability
Potions
 c - 2 potions of might
 h - 2 potions of berserk rage
 j - 24 potions of curing
 n - 2 potions of heal wounds
 t - 10 potions of lignification
 x - 4 potions of brilliance
 F - 2 potions of resistance
 R - 5 potions of haste
 T - 2 potions of attraction
 Z - 3 potions of cancellation
Miscellaneous
 q - a lightning rod (4/4)
 r - a tin of tremorstones (2/2)
 K - a phial of floods
 V - a phantom mirror


   Skills:
 * Level 18.8 Fighting
 - Level 14.0(15.0) Short Blades
 - Level 9.7(13.0) Long Blades
 - Level 1.5 Maces & Flails
 - Level 2.0 Throwing
 - Level 11.0 Armour
 + Level 22.3 Dodging
 - Level 9.0 Stealth
 - Level 15.0 Shields
 - Level 0.2 Unarmed Combat
 + Level 22.8 Spellcasting
 * Level 18.1 Invocations
 - Level 10.0 Evocations


You couldn't memorise any spells.
You knew the following spells:

 Your Spells              Type           Power      Damage    Failure   Level
a - Sting                 Tmut/Pois      100%       1d8       0%          1
b - Spider Form           Tmut/Pois      53%        N/A       0%          3
c - Pain                  Necr           100%       1d9       0%          1
d - Slow                  Hex            100%       N/A       0%          2
e - Dazzling Flash        Conj/Hex       100%       N/A       0%          3
f - Petrify               Tmut/Erth      100%       N/A       0%          4
g - Ice Form              Ice/Tmut       100%       N/A       0%          4
h - Lee's Rapid Deconstr  Erth           53%        3d26*     0%          5
i - Shadow Creatures      Summ           N/A        N/A       0%          6
j - Malign Gateway        Summ/Tloc      53%        N/A       1%          7
k - Conjure Ball Lightni  Conj/Air       53%        3x3d18    0%          6
l - Disjunction           Tloc           53%        N/A       1%          8
m - Discord               Hex            53%        N/A       1%          8
n - Ignition              Fire           53%        3d15      1%          8
o - Polar Vortex          Ice            53%        N/A       4%          9
Your spell library was empty.

Dungeon Overview and Level Annotations

Branches:
Dungeon (15/15)            Temple (1/1) D:4            Lair (6/6) D:10
 Shoals (4/4) Lair:2        Snake (4/4) Lair:4        Slime (0/5) Lair:5
    Orc (2/2) D:11            Elf (3/3) Orc:2        Vaults (5/5) D:14
  Crypt (3/3) Vaults:2       Tomb (0/3) Crypt:3      Depths (5/5) D:15
   Hell (visited)             Dis (0/7) Hell            Geh (7/7) Hell
    Coc (0/7) Hell            Tar (0/7) Hell            Zot (4/5) Depths:5
Ossuary (visited)         Volcano (visited)          WizLab (visited)

Altars:
Ashenzari
Cheibriados
Dithmenos
Elyvilon
Fedhas
Gozag
Hepliaklqana
Kikubaaqudgha
Makhleb
Nemelex Xobeh
Okawaru
Qazlal
Ru
Sif Muna
Trog
Uskayaw
Vehumet
Wu Jian
Xom
Yredelemnul
Zin
The Shining One
Beogh
Lugonu

Shops:
D:13 =[(   Orc:2 *[=(   Shoals:1 :*:   Shoals:2 ?   Snake:3 ![([
Vaults:3 [(?((**   Depths:2 ::=   Depths:3 :   Depths:4 [   Depths:5 [**(

Portals:
Hell: Depths:1 Depths:2 Depths:3 Depths:4 Depths:5
Abyss: Elf:2 Snake:4 Depths:4
Pandemonium: Depths:3 Depths:4
Ziggurat: Depths:4

Annotations:
D:1 clr
D:2 clr
D:3 clr
D:4 clr
D:5 clr
D:6 clr
D:7 clr
D:8 clr
D:9 clr
D:10 clr
D:11 clr
D:12 clr
D:13 clr
D:14 clr
D:15 clr
Lair:1 clr
Lair:2 clr
Lair:3 clr\
Lair:4 clr
Lair:5 clr
Lair:6 clr
Shoals:1 clr
Shoals:2 Nikola
Shoals:3 clr
Shoals:4 clr
Snake:1 clr
Snake:2 clr
Snake:3 clr
Snake:4 clr
Orc:1 clr
Orc:2 clr
Elf:1 clr
Elf:3 clr
Vaults:1 clr
Vaults:2 clr
Vaults:3 clr
Vaults:4 clr
Vaults:5 clr
Crypt:1 clr
Crypt:2 2 runed translucent doors, Quonaopt's ghost, veteran VSFi
Depths:2 clr
Depths:3 clr
Depths:4 clr
Geh:7 Asmodeus
Zot:1 clr


Innate Abilities, Weirdness & Mutations

You are immune to sickness and miasma.
You are immune to poison.
Your flesh is very heat resistant. (rF++)
You are vulnerable to cold. (rC-)
You float through the air rather than walking.
You learn spells naturally, not from books.
Your magical power is your life essence.
You have superior vitality. (+4 HP)
Your movements are slightly less encumbered by armour. (ER -2)


Message History

Welcome back, Snarg the Djinni Wanderer.
The Shining One says: Lead the forces of light to victory!
Press ? for a list of commands and other information.
Your shield is strengthened by the Shining One's divine power.
Asmodeus gestures at you. The bolt of fire misses you.
You are momentarily dazzled by a brilliant light.
You are engulfed in blazing flames.
You resist. The winds around you calm down. You block the reaper's attack.
Asmodeus gestures.
Unknown command.
Unknown command.
Unknown command.
You are momentarily dazzled by a brilliant light.
You are engulfed in blazing flames.
You resist.
* * * LOW HITPOINT WARNING * * *
The reaper hits you from afar with a +0 vampiric scythe!!
* * * LOW HITPOINT WARNING * * *
The golden flame engulfs you but does no damage.
You resist.
The golden flame engulfs the hellion!!!
The hellion writhes in agony!
You kill the hellion!
The golden flame engulfs Asmodeus!!
Asmodeus writhes in agony!
Asmodeus is heavily wounded.
The golden flame engulfs the reaper!!
The reaper writhes in agony!
The reaper is severely wounded.
The golden flame engulfs your angel.
Your angel completely resists.
The golden flame engulfs your angel.
Your angel completely resists.
You are engulfed in blazing flames.
You resist.
* * * LOW HITPOINT WARNING * * *
Your angel is engulfed in blazing flames.
Your angel hits Asmodeus with a +3 sacred scourge of holy wrath!
Asmodeus convulses.
Your angel hits Asmodeus with a +3 sacred scourge of holy wrath.
Asmodeus convulses.
Asmodeus hits you with the +7 sceptre of Asmodeus!!!
You die...

######################
#######################
≈≈≈§§§≈§§≈≈≈≈≈≈≈§≈≈≈≈≈§
..§§§.......≈A☼@≈≈≈≈§§§
....§..........&○).....
§.≈≈§.≈..≈≈..2☼○A...§.§
≈≈§≈≈§≈§≈§≈≈########'##.
§§§≈≈≈≈§≈§≈≈# .#
≈≈≈≈##§§≈§≈≈# '.
≈≈§≈##§≈≈≈≈≈# .
§≈§≈≈≈§≈≈≈§≈#
§§§§≈≈§§≈≈§≈#


You could see Asmodeus (clouds, ally target), a reaper (ally target) and 2
friendly angels.

Vanquished Creatures
  2 dread liches
  Mara (Vaults:5)
  3 royal mummies (Depths:4)
  A Killer Klown (Zot:2)
  Margery (Depths:4)
  A caustic shrike (Depths:5)
  Geryon (Hell)
  A curse toe (Zot:2)
  5 golden dragons
  22 Brimstone Fiends
  3 hellephants
  2 liches
  7 tentacled monstrosities
  A titan (Depths:5)
  A deep elf master archer (Elf:3)
  2 quicksilver dragons
  A deep elf blademaster (Elf:2)
  Polyphemus (Shoals:3)
  Asterion (Depths:2)
  2 death cobs (Zot:1)
  3 sphinxes
  Frances (Elf:1)
  2 ancient champions
  A tentacled starspawn (Elf:2)
  4 draconian monks
  Agnes (Elf:2)
  A revenant (Hell)
  Donald (Snake:2)
  8 tengu reavers
  7 shadow dragons
  5 storm dragons
  A nagaraja (Snake:4)
  Roxanne (Snake:4)
  2 ghost moths
  10 balrugs
  4 deep elf sorcerers
  2 draconian scorchers
  6 fire giants
  3 draconian knights
  8 frost giants
  8 vault wardens
  4 draconian stormcallers
  3 curse skulls
  7 draconian shifters
  4 draconian annihilators
  5 deep elf elementalists
  8 ironbound preservers
  A quicksilver ooze (shapeshifter) (Elf:2)
  2 war gargoyles
  11 reapers
  8 very ugly things
  4 vampire knights
  13 green draconians
  14 stone giants
  2 deep elf demonologists (Elf:3)
  8 black draconians
  A lorocyproca (Hell)
  8 yellow draconians
  8 dire elephants
  9 purple draconians
  6 red draconians
  6 deep elf annihilators
  11 white draconians
  Snorg (D:12)
  11 eidola
  2 quicksilver dragon zombies
  8 ettins
  A green death (Depths:4)
  3 mummy priests
  4 deep elf death magi
  A kraken zombie (Hell)
  7 fire dragons
  7 deep elf high priests
  10 yaktaur captains
  10 great orbs of eyes
  7 ice dragons
  6 merfolk impalers
  7 ironbound thunderhulks
  A great orb of eyes (shapeshifter) (Vaults:5)
  25 vault guards (Vaults:5)
  12 hydras
  3 merfolk avatars
  2 salamander tyrants (Snake:4)
  4 boulder beetles
  2 peacekeepers (Vaults:4)
  2 ogre magi (Vaults:5)
  A quicksilver dragon skeleton (Geh:4)
  3 anacondas
  2 rakshasas
  13 naga warriors
  Erolcha (D:9)
  Fannar (Orc:1)
  2 spriggan air magi
  4 merfolk aquamancers
  Erica (D:7)
  3 ironbound frosthearts
  A catoblepas (Shoals:3)
  5 centaur warriors
  A hell beast (Hell)
  5 two-headed ogres
  An alligator snapping turtle (Shoals:4)
  2 death yaks (Lair:6)
  A satyr (Shoals:2)
  6 tengu warriors
  6 ironbound beastmasters
  13 dancing weapons
  3 vampire magi (Crypt:1)
  2 deep troll shamans (Depths:1)
  56 hell hogs
  2 titan zombies
  3 orc high priests (Orc:2)
  2 deep troll earth magi
  8 naga sharpshooters
  10 soul eaters
  8 spriggan berserkers
  Sonja (D:11)
  6 titan skeletons
  A shock serpent (shapeshifter) (Vaults:5)
  16 deep elf knights
  13 sun demons
  111 hell knights
  An iron golem (Geh:4)
  3 storm dragon zombies
  The ghost of Vinniefish the Chopper, a novice PaBe of Trog (D:6)
  2 iron trolls
  2 salamander mystics (Snake:4)
  12 sea snakes
  27 deep trolls
  2 sixfirhies
  A gelid demonspawn (Depths:4)
  12 skeletal warriors
  9 golden dragon zombies
  5 storm dragon skeletons
  5 anaconda zombies
  4 naga ritualists
  3 ghost moth zombies
  9 flayed ghosts
  A harpy (shapeshifter) (Vaults:5)
  2 deep trolls (shapeshifter)
  3 golden dragon skeletons
  7 deep elf archers
  3 anaconda skeletons
  2 glowing orange brains (Depths:2)
  2 orange crystal statues
  9 wizards
  6 phantasmal warriors
  4 large abominations (Abyss:3)
  8 lindwurms
  3 wolf spider zombies
  15 ironbound convokers
  24 deep elf pyromancers
  4 shadow dragon zombies
  12 harpies
  6 orc sorcerers
  6 stone giant zombies
  An orb spider (shapeshifter) (Elf:3)
  6 orc knights
  37 necromancers
  2 obsidian statues
  6 iron dragon zombies
  10 cyclopes
  5 mana vipers
  19 manticores
  14 deep elf zephyrmancers
  2 wolf spiders (Crypt:3)
  A manticore (shapeshifter) (Elf:2)
  An oklob plant (Lair:3)
  3 frost giant zombies
  32 ugly things
  8 salamanders
  A tengu skeleton (Depths:4)
  4 fire giant zombies
  A shining eye (Depths:4)
  3 shadow dragon skeletons (Geh:5)
  A worldbinder (Elf:2)
  6 fauns
  5 stone giant skeletons
  3 shock serpent zombies
  9 moths of wrath
  7 merfolk sirens
  15 vault sentinels
  3 fire giant skeletons
  6 iron dragon skeletons
  2 ice statues
  A black mamba (shapeshifter) (Elf:1)
  3 water nymphs
  A rust devil (Geh:3)
  11 elephants
  15 molten gargoyles
  2 apocalypse crabs
  22 black mambas
  2 guardian serpents
  12 smoke demons
  4 frost giant skeletons
  20 naga magi
  An eye of devastation (Depths:4)
  7 dire elephant zombies
  A minotaur zombie (Geh:4)
  A red draconian zombie (Crypt:2)
  A storm dragon simulacrum (Depths:4)
  A torpor snail (Lair:2)
  7 cane toads
  4 gargoyles
  4 rime drakes (Lair:6)
  2 orange demons (Depths:4)
  2 shock serpent skeletons (Geh:3)
  2 dire elephant skeletons
  A sea snake zombie (Hell)
  10 komodo dragons
  15 efreet
  6 freezing wraiths
  22 hellions
  A catoblepas zombie (Geh:6)
  A purple draconian skeleton (Crypt:1)
  A yaktaur skeleton (Vaults:4)
  16 tormentors
  7 tengu conjurers
  30 yaktaurs
  5 harpy zombies
  A catoblepas skeleton (Geh:3)
  12 hellwings
  29 merfolk
  36 red devils
  3 jumping spiders (Crypt:3)
  4 hydra zombies
  A guardian mummy (Crypt:3)
  4 trolls
  3 meliai (Lair:4)
  A queen bee (Lair:4)
  A polar bear (Lair:3)
  A harpy skeleton (Geh:5)
  2 wind drakes (Shoals:1)
  A dream sheep (shapeshifter) (Depths:4)
  4 ettin zombies
  3 hydra skeletons
  A snapping turtle (shapeshifter) (Vaults:5)
  5 nameless horrors
  2 hornets
  23 blink frogs
  An alligator zombie (Crypt:3)
  19 slime creatures
  A death drake skeleton (Crypt:2)
  3 ice dragon zombies
  4 snapping turtles
  2 fire dragon zombies
  10 dream sheep
  2 ettin skeletons
  A stone giant simulacrum (Hell)
  A frost giant simulacrum (Depths:4)
  62 flying skulls
  2 spriggans
  3 ynoxinuls (Abyss:3)
  4 fire dragon skeletons
  12 shadows
  20 water elementals
  A redback (shapeshifter) (Depths:4)
  3 ice dragon skeletons
  2 redbacks (Crypt:3)
  An air elemental (Elf:3)
  7 wyverns
  3 alligator skeletons
  3 vampires
  3 small abominations (Abyss:3)
  92 yaks
  32 fire elementals
  26 wraiths
  2 black mamba skeletons
  A steam dragon (D:8)
  6 basilisks
  2 chaos spawn (Depths:4)
  A human (D:14)
  A human (shapeshifter) (Vaults:5)
  4 vampire mosquitoes
  2 merfolk zombies
  A warg (Orc:1)
  2 spatial vortices (Abyss:3)
  A harpy simulacrum (Abyss:3)
  41 nagas
  31 hell hounds
  15 water moccasins
  A merfolk skeleton (Geh:1)
  29 orc warriors
  A cane toad zombie (Geh:4)
  3 snapping turtle zombies
  3 black bears
  2 ice beasts (D:7)
  An ice dragon simulacrum (Hell)
  A sky beast (D:8)
  2 swamp dragon zombies
  An alligator simulacrum (Hell)
  A wolf (Lair:6)
  2 manticore zombies
  A fire dragon simulacrum (Depths:1)
  A boggart (D:14)
  5 ogres
  8 necrophages
  14 centaurs
  3 snapping turtle skeletons
  7 phantoms
  3 elf zombies
  An octopode zombie (Crypt:2)
  7 earth elementals
  A gnoll sergeant (D:11)
  12 bullfrogs
  A yaktaur zombie (Crypt:1)
  3 scorpions
  3 scorpions (shapeshifter)
  A water moccasin skeleton (D:5)
  5 wyvern skeletons
  A spriggan zombie (Geh:3)
  20 killer bees
  A raiju zombie (Crypt:1)
  45 wights
  4 howler monkeys
  A spriggan skeleton (Geh:3)
  A raiju skeleton (Crypt:1)
  An electric eel (Lair:6)
  4 troll skeletons
  3 crimson imps
  14 centaur zombies
  A bullfrog zombie (D:6)
  A black bear zombie (Crypt:1)
  3 human zombies
  18 orc priests
  3 hounds
  A gnoll shaman (D:10)
  2 iron imps (Abyss:3)
  5 jellies
  2 centaur skeletons
  A human skeleton (Geh:5)
  2 bullfrog skeletons
  2 iguanas
  17 orc wizards
  3 hell rats (Lair:1)
  A killer bee zombie (D:6)
  3 naga zombies
  A tengu zombie (Geh:5)
  5 centaur simulacra
  An ogre skeleton (Crypt:3)
  A hound zombie (D:5)
  A hound skeleton (D:5)
  4 mummies
  3 howler monkey zombies
  12 gnolls
  3 river rats (Lair:1)
  8 adders
  3 white imps
  A howler monkey simulacrum (D:6)
  A lava snake zombie (Crypt:1)
  An adder zombie (Ossuary)
  A worm (D:3)
  A dart slug (D:3)
  60 orcs
  A bat zombie (Crypt:2)
  7 endoplasms
  4 giant cockroaches
  5 goblins
  9 hobgoblins
  6 kobolds
  6 quokkas
  11 ball pythons
  8 bats
  A frilled lizard (D:3)
  A goblin zombie (Ossuary)
  6 hobgoblin zombies (Ossuary)
  A jackal skeleton (Crypt:1)
  11 kobold zombies
  7 orc zombies
  10 rats
  A ball lightning (Vaults:4)
  3 tentacles (Hell)
2455 creatures vanquished.

Vanquished Creatures (collateral kills)
  2 orbs of fire
  An ancient lich (Crypt:3)
  A juggernaut (Depths:5)
  Frederick (Depths:4)
  Xtahua (Vaults:2)
  A curse toe (Zot:4)
  Saint Roka (Depths:3)
  2 golden dragons
  Jory (Depths:4)
  The ghost of Lidodu the Tortoise, an adept DDFi of Makhleb (Depths:5)
  4 Brimstone Fiends
  8 tentacled monstrosities
  3 liches
  A titan (Depths:2)
  A hellephant (Depths:5)
  A quicksilver dragon (Vaults:5)
  A deep elf blademaster (Elf:3)
  A kraken (Shoals:3)
  3 sphinxes
  The ghost of mordus the Executioner, an adept MiBe of Trog (Elf:2)
  3 death cobs
  A tengu reaver (Vaults:5)
  3 shadow dragons
  3 nagarajas (Snake:4)
  9 storm dragons
  2 draconian monks
  9 frost giants
  3 deep elf sorcerers
  2 draconian scorchers
  6 fire giants
  2 draconian knights (Zot:1)
  7 vault wardens
  A draconian stormcaller (Zot:2)
  2 balrugs (Geh:7)
  2 draconian shifters
  7 ironbound preservers
  An orc warlord (Vaults:1)
  A ghoul (Vaults:2)
  4 draconian annihilators
  2 angels (Elf:1)
  A reaper (Crypt:3)
  22 very ugly things
  A war gargoyle (Vaults:5)
  5 stone giants
  A vampire knight (Vaults:2)
  7 dire elephants
  4 black draconians (Zot:4)
  4 green draconians
  4 purple draconians
  2 yellow draconians
  5 deep elf annihilators (Elf:3)
  7 red draconians
  2 white draconians
  2 deep elf death magi
  4 fire dragons (Depths:5)
  A merfolk impaler (Shoals:2)
  A merfolk javelineer (Shoals:4)
  A fire dragon (shapeshifter) (Elf:2)
  8 yaktaur captains
  A deep elf high priest (Elf:3)
  2 ettins
  2 peacekeepers (Vaults:3)
  12 naga warriors
  A boulder beetle (D:14)
  2 quicksilver dragon skeletons
  2 salamander tyrants
  An ogre mage (Vaults:5)
  A hydra (D:13)
  3 ice dragons
  2 rakshasas
  A centaur warrior (D:15)
  A merfolk avatar (Shoals:2)
  A death knight (Vaults:2)
  2 anacondas
  2 two-headed ogres (Vaults:5)
  4 ironbound frosthearts
  A merfolk aquamancer (Shoals:4)
  5 deep troll earth magi
  4 deep troll shamans
  An alligator snapping turtle (Shoals:4)
  5 hell hogs
  3 ironbound beastmasters
  A vampire mage (Depths:2)
  3 death yaks
  A satyr (Shoals:3)
  9 dancing weapons
  2 spriggan berserkers
  4 tengu warriors
  6 naga sharpshooters
  24 hell knights
  A sun demon (Geh:7)
  2 deep elf knights (Elf:2)
  4 iron trolls
  A storm dragon skeleton (Geh:7)
  2 salamander mystics (Snake:4)
  A golden dragon zombie (Geh:2)
  2 naga ritualists (Snake:4)
  A deep elf archer (Elf:2)
  16 deep trolls
  A flayed ghost (Geh:7)
  A ghost moth zombie (Geh:7)
  2 sea snakes
  2 orc knights (Vaults:1)
  A tengu zombie (Vaults:4)
  2 ironbound convokers (Vaults:1)
  2 wizards
  A lindwurm (Vaults:2)
  12 harpies
  5 deep elf zephyrmancers
  4 phantasmal warriors
  5 necromancers
  An iron dragon zombie (Geh:1)
  An oklob plant (Lair:3)
  A mana viper (shapeshifter) (Elf:2)
  19 ugly things
  6 deep elf pyromancers
  4 mana vipers
  2 salamanders
  8 fauns
  A cyclops (Shoals:3)
  5 manticores
  10 black mambas
  4 merfolk sirens
  3 guardian serpents
  11 naga magi
  An iron dragon skeleton (Geh:3)
  A stone giant skeleton (Geh:7)
  10 vault sentinels
  A dire elephant skeleton (Geh:4)
  A gargoyle (D:10)
  A molten gargoyle (Geh:4)
  2 efreet
  3 freezing wraiths
  13 yaktaurs
  2 tengu conjurers (Depths:1)
  4 red devils
  7 merfolk
  2 hellwings (Crypt:3)
  2 hydra zombies (Geh:7)
  2 wind drakes
  A harpy skeleton (Geh:3)
  11 slime creatures
  2 snapping turtles (Shoals:4)
  A raiju (Elf:1)
  A hydra skeleton (Geh:7)
  2 dream sheep (Shoals:3)
  3 flying skulls
  An elf skeleton (Vaults:4)
  A vampire (Vaults:2)
  5 water elementals
  2 fire elementals (Geh:4)
  A yak (D:10)
  An air elemental (Elf:3)
  8 nameless horrors
  A vampire mosquito (D:7)
  15 nagas
  A merfolk skeleton (Geh:5)
  A hell hound (Geh:4)
  2 floating eyes (Depths:2)
  An orc warrior (Depths:3)
  A necrophage (Geh:5)
  An ogre (Vaults:5)
  A centaur (D:15)
  2 wyvern skeletons (Crypt:3)
  A howler monkey (D:8)
  2 human zombies
  2 hobgoblin zombies (Ossuary)
  A jackal zombie (Ossuary)
  A kobold zombie (Ossuary)
  3 rat zombies (Ossuary)
  A ball lightning (Zot:4)
570 creatures vanquished.

Vanquished Creatures (others)
  2 storm dragons
  A draconian annihilator (Zot:3)
  A green draconian (Zot:3)
  2 red draconians
  A rakshasa (Elf:2)
  A tengu warrior (Depths:5)
  A lindwurm (Lair:6)
  A deep elf zephyrmancer (Elf:1)
  A wolf spider zombie (Geh:5)
  2 merfolk sirens (Shoals:4)
  A black mamba (Lair:3)
  A hellion (Geh:2)
  A harpy zombie (Geh:7)
  A flying skull (Geh:7)
  5 yaks
  A centaur (Shoals:4)
  A howler monkey (D:8)
  A human zombie (Ossuary)
  A tengu zombie (Geh:3)
  A gnoll (D:8)
  72 ball lightnings
  A bush (Lair:6)
  60 fungi
  A lurking horror (Snake:4)
  134 plants
  2 starspawn tentacles (Elf:2)
  26 tentacles
  24 withered plants (Crypt:3)
347 creatures vanquished.

Grand Total: 3372 creatures vanquished

Notes
Turn   | Place    | Note
-------+----------+-------------------------------------------
     0 | D:1      | Snarg the Djinni Wanderer began the quest for the Orb.
     0 | D:1      | Reached XP level 1. HP: 17/17 MP: 0/0
   258 | D:1      | Reached XP level 2. HP: 21/22 MP: 0/0
   755 | D:1      | Reached XP level 3. HP: 25/27 MP: 0/0
   755 | D:1      | Learned a level 1 spell: Pain
  1678 | D:2      | Reached XP level 4. HP: 31/32 MP: 0/0
  1778 | D:2      | Found a faded altar of an unknown god.
  2001 | D:2      | Became a worshipper of Elyvilon the Healer
  2001 | D:2      | Reached * piety under Elyvilon
  2698 | D:3      | Reached ** piety under Elyvilon
  3162 | D:3      | Reached XP level 5. HP: 29/37 MP: 0/0
  3162 | D:3      | Learned a level 2 spell: Slow
  3413 | D:4      | Noticed an ogre
  3435 | D:3      | Killed an ogre
  3436 | D:3      | Reached skill level 1 in Dodging
  3436 | D:3      | Reached skill level 1 in Invocations
  3621 | D:4      | Reached XP level 6. HP: 42/42 MP: 0/0
  3909 | D:4      | Found a staircase to the Ecumenical Temple.
  4472 | D:4      | Noticed a black bear
  4474 | D:4      | Pacified a black bear
  4512 | D:4      | Noticed a necrophage
  4524 | D:3      | Reached XP level 7. HP: 45/49 MP: 0/0
  4524 | D:3      | Learned a level 3 spell: Dazzling Flash
  4771 | D:5      | Entered Level 5 of the Dungeon
  5208 | D:5      | Reached *** piety under Elyvilon
  6353 | D:6      | Reached XP level 8. HP: 16/56 MP: 0/0
  6788 | D:6      | Identified the +1 leather armour of the Kettle-Drum {Int+2
                  | Slay-6 Stlth+}
  7603 | D:6      | Reached skill level 1 in Stealth
  7862 | D:7      | Reached **** piety under Elyvilon
  7888 | D:7      | Reached skill level 5 in Armour
  7888 | D:7      | Reached skill level 5 in Spellcasting
  8377 | D:7      | Reached skill level 1 in Short Blades
  8399 | D:7      | Reached XP level 9. HP: 63/63 MP: 0/0
  8399 | D:7      | Learned a level 4 spell: Petrify
  9498 | D:7      | Reached skill level 5 in Fighting
 10692 | D:8      | Found a sand-covered staircase.
 10697 | Ossuary  | Entered an ossuary
 11626 | D:8      | Noticed a two-headed ogre
 11830 | D:6      | Found a runed translucent gate.
 11830 | D:6      | Found a runed translucent gate.
 11831 | D:6      | Found a runed translucent gate.
 11833 | D:6      | Noticed Vinniefish's ghost (novice PaBe)
 12636 | D:8      | Reached XP level 10. HP: 49/70 MP: 0/0
 12772 | D:8      | Reached ***** piety under Elyvilon
 12773 | D:8      | Noticed an ice statue
 13738 | D:9      | Reached skill level 5 in Short Blades
 13851 | D:9      | Reached skill level 5 in Dodging
 13916 | D:9      | Noticed Erica
 13918 | D:9      | Upgraded the game from 0.27-a0-1154-gfdeffcb720 to
                  | 0.27-a0-1158-gaa87e14f67
 14196 | D:9      | Noticed Erolcha
 14281 | D:10     | Entered Level 10 of the Dungeon
 16169 | D:9      | Killed Erolcha
 16170 | D:9      | Reached XP level 11. HP: 14/78 MP: 0/0
 16170 | D:9      | Learned a level 4 spell: Ice Form
 16562 | D:10     | Identified the amulet of Henotheism {Faith rF++}
 17080 | Temple   | Entered the Ecumenical Temple
 17790 | D:9      | Reached skill level 5 in Invocations
 19005 | D:7      | Killed Erica
 19006 | D:7      | Reached skill level 1 in Throwing
 19474 | D:10     | Found a staircase to the Lair.
 19640 | D:10     | Found a hide-covered altar of Uskayaw.
 20092 | D:10     | Identified a scroll of acquirement
 20092 | D:10     | Acquired a scarf of resistance
 21798 | D:11     | Noticed Sonja
 21803 | D:11     | Killed Sonja
 21804 | D:11     | Reached skill level 1 in Shields
 21815 | D:11     | Noticed a cyclops
 21876 | D:11     | Killed a cyclops
 21877 | D:11     | Reached XP level 12. HP: 48/88 MP: 0/0
 22481 | Lair:1   | Entered Level 1 of the Lair of Beasts
 24238 | Lair:1   | Noticed a four-headed hydra
 24894 | Lair:1   | Reached skill level 5 in Shields
 25295 | D:10     | Reached skill level 10 in Fighting
 25719 | Lair:1   | Identified the +6 quarterstaff "Xoyfar" {flame, Dex+5}
 25721 | Lair:1   | Reached ****** piety under Elyvilon
 26161 | Lair:2   | Noticed a six-headed hydra
 26173 | Lair:2   | Found a staircase to the Shoals.
 26261 | Lair:1   | Killed a four-headed hydra
 28934 | Lair:2   | Reached XP level 13. HP: 75/97 MP: 0/0
 28934 | Lair:2   | Learned a level 5 spell: Lee's Rapid Deconstruction
 29070 | Lair:2   | Upgraded the game from 0.27-a0-1158-gaa87e14f67 to
                  | 0.27-a0-1181-g5f64966fcc
 29298 | Lair:2   | Noticed an eight-headed hydra
 29425 | Lair:2   | Noticed a four-headed hydra
 30345 | Lair:3   | Noticed a six-headed hydra
 30460 | Lair:2   | Killed a six-headed hydra
 30712 | Lair:2   | Killed a four-headed hydra
 30713 | Lair:2   | Reached skill level 10 in Dodging
 32950 | Lair:2   | Killed a two-headed hydra
 33587 | D:6      | Killed Vinniefish's ghost
 35061 | Lair:2   | Reached skill level 1 in Long Blades
 35838 | Lair:3   | Upgraded the game from 0.27-a0-1181-g5f64966fcc to
                  | 0.27-a0-1184-ge86db4a01e
 36273 | Lair:4   | Acquired a +6 quick blade
 37308 | Lair:4   | Reached XP level 14. HP: 104/105 MP: 0/0
 38515 | Lair:4   | Found a staircase to the Snake Pit.
 39346 | Lair:5   | Found a dark tunnel.
 39351 | Volcano  | Entered a volcano
 41548 | Lair:5   | Found a staircase to the Slime Pits.
 42640 | Lair:6   | Entered Level 6 of the Lair of Beasts
 47159 | Lair:6   | Reached XP level 15. HP: 96/110 MP: 0/0
 47159 | Lair:6   | Learned a level 6 spell: Shadow Creatures
 47854 | Snake:1  | Entered Level 1 of the Snake Pit
 47951 | Shoals:1 | Entered Level 1 of the Shoals
 49712 | Shoals:1 | Found Tuegeck's General Store.
 49722 | Shoals:1 | Bought 6 javelins for 86 gold pieces
 50069 | Shoals:1 | Found Citawo Qeho's Book Shoppe.
 50291 | Shoals:1 | Found Sebb's Book Emporium.
 51364 | Shoals:1 | Reached skill level 5 in Stealth
 52137 | Shoals:2 | HP: 3/111 [snapping turtle (24)]
 53483 | Shoals:2 | Noticed Nikola
 53638 | Shoals:1 | Upgraded the game from 0.27-a0-1184-ge86db4a01e to
                  | 0.27-a0-1186-g8b4daa1eef
 53690 | Shoals:2 | Reached skill level 10 in Spellcasting
 54769 | D:11     | Found a staircase to the Orcish Mines.
 55528 | Orc:1    | Entered Level 1 of the Orcish Mines
 56099 | Orc:1    | Noticed Fannar
 56112 | Orc:1    | Killed Fannar
 56603 | Orc:2    | Entered Level 2 of the Orcish Mines
 56913 | Orc:2    | Found a staircase to the Elven Halls.
 59250 | Orc:2    | Reached XP level 16. HP: 83/118 MP: 0/0
 59662 | Orc:2    | Found Takem's Weapon Shop.
 59662 | Orc:2    | Found Ybulipug's General Store.
 59918 | Orc:2    | Reached skill level 10 in Invocations
 60164 | Orc:2    | Found Buoss's Jewellery Emporium.
 60164 | Orc:2    | Found Dauwyit's Armour Emporium.
 60210 | Orc:2    | Bought +1 steam dragon scales for 517 gold pieces
 62389 | D:12     | Noticed Snorg
 62406 | D:12     | Killed Snorg
 62541 | D:12     | Identified the +1 scale mail of Impermeability {rC+}
 62548 | D:12     | Found a hazy altar of Hepliaklqana.
 63343 | D:13     | Found Keag's Jewellery Shop.
 63378 | D:13     | Bought a +6 ring of intelligence for 936 gold pieces
 63407 | D:13     | Found Gophyeq's Armour Shoppe.
 63562 | D:13     | Found Oshacu's Antique Weapon Boutique.
 64603 | D:13     | Found Vejofy's Antique Weapon Boutique.
 65933 | Shoals:3 | Upgraded the game from 0.27-a0-1186-g8b4daa1eef to
                  | 0.27-a0-1188-g73eefd5def
 65959 | Shoals:3 | Noticed a kraken
 67278 | Shoals:3 | Noticed Polyphemus
 67305 | Shoals:3 | Killed Polyphemus
 68811 | Shoals:2 | Reached XP level 17. HP: 114/123 MP: 0/0
 68811 | Shoals:2 | Learned a level 7 spell: Malign Gateway
 69205 | Shoals:2 | Found Fuschaopn's Magic Scroll Emporium.
 69910 | Shoals:4 | Entered Level 4 of the Shoals
 72381 | Shoals:4 | HP: 2/125 [merfolk impaler/+1 demon trident of freezing
                  | (7)]
 73899 | D:14     | Reached skill level 5 in Evocations
 74088 | D:14     | Upgraded the game from 0.27-a0-1188-g73eefd5def to
                  | 0.27-a0-1189-gb8eb6cee8e
 74412 | D:14     | Found a gate to the Vaults.
 76744 | Shoals:4 | Identified the ring of Ismuss {rPois Will+ MP-9 Str-3
                  | Dex+5}
 78445 | Shoals:4 | Reached XP level 18. HP: 76/131 MP: 0/0
 78611 | Shoals:4 | Reached skill level 10 in Shields
 78709 | Shoals:4 | Got a barnacled rune of Zot
 79146 | D:15     | Entered Level 15 of the Dungeon
 80490 | D:15     | Found a staircase to the Depths.
 81247 | Elf:1    | Entered Level 1 of the Elven Halls
 82523 | Elf:1    | Noticed Frances
 82530 | Elf:1    | Killed Frances
 82664 | Elf:1    | Found a glowing silver altar of Zin.
 82664 | Elf:1    | Found a white marble altar of Elyvilon.
 83777 | Elf:1    | Cast into level 3 of the Abyss (a deep elf sorcerer)
 83855 | Abyss:3  | Noticed a Hell Sentinel
 83932 | Elf:1    | Escaped the Abyss
 83936 | Elf:1    | HP: 5/105 [raiju/living lightning (5)]
 83937 | Elf:1    | Elyvilon protects you from harm!
 85044 | Vaults:1 | Entered Level 1 of the Vaults
 85748 | Vaults:1 | Upgraded the game from 0.27-a0-1189-gb8eb6cee8e to
                  | 0.27-a0-1191-g601b473118
 87615 | Vaults:1 | Reached XP level 19. HP: 107/139 MP: 0/0
 87615 | Vaults:1 | Learned a level 6 spell: Conjure Ball Lightning
 90004 | Lair:1   | Upgraded the game from 0.27-a0-1191-g601b473118 to
                  | 0.27-a0-1193-g8631133539
 90411 | Vaults:2 | Noticed Xtahua
 90981 | Vaults:2 | You are sucked into a shaft and drop 1 floor!
 91578 | Vaults:3 | Found Duviuhuw's Antique Weapon Emporium.
 92029 | Vaults:3 | Found Nuoll's Antique Weapon Emporium.
 92029 | Vaults:3 | Found Dainaopn's Magic Scroll Emporium.
 92060 | Vaults:3 | Reached skill level 15 in Dodging
 92083 | Vaults:3 | Noticed a tentacled monstrosity
 93354 | Vaults:2 | Paralysed by Xtahua for 4 turns
 93375 | Vaults:2 | Killed Xtahua
 94055 | Vaults:2 | Reached XP level 20. HP: 143/146 MP: 0/0
 95140 | Vaults:2 | Found a staircase to the Crypt.
 95863 | Crypt:1  | Entered Level 1 of the Crypt
 99619 | Elf:1    | Found a glowing golden altar of the Shining One.
101647 | Elf:2    | Noticed Agnes
101654 | Elf:2    | Killed Agnes
102203 | Elf:2    | Found a transporter.
102208 | Elf:2    | Noticed a tentacled monstrosity
102208 | Elf:2    | Identified the +3 spear of Fidethab {vorpal, rF+}
102211 | Elf:2    | Noticed a tentacled monstrosity
102220 | Elf:2    | Found a transporter.
102221 | Elf:2    | Found a one-way gate to the infinite horrors of the Abyss.
102221 | Elf:2    | Noticed mordus's ghost (adept MiBe)
102439 | Elf:2    | Found a runed translucent gate.
102439 | Elf:2    | Found a runed translucent gate.
102439 | Elf:2    | Found a runed translucent gate.
102805 | Elf:2    | Reached skill level 15 in Shields
103493 | Elf:2    | Upgraded the game from 0.27-a0-1193-g8631133539 to
                  | 0.27-a0-1196-g3e9cee4cb2
105131 | Elf:3    | Entered Level 3 of the Elven Halls
106017 | Elf:3    | Identified the +3 flail of Duty {venom, Int+4 SInv Stlth+}
106405 | Depths:1 | Entered Level 1 of the Depths
106522 | D:15     | Reached XP level 21. HP: 50/151 MP: 0/0
106522 | D:15     | Learned a level 8 spell: Disjunction
109410 | Snake:1  | Acquired the amulet "Fazopt" {Will++ Regen+}
111218 | Snake:2  | Noticed Donald
111234 | Snake:2  | Killed Donald
111791 | Snake:2  | Found the +7 captain's cutlass {speed, disarm}
112129 | Snake:2  | Reached skill level 10 in Short Blades
112924 | Snake:3  | Found Bullee's Antique Weapon Shoppe.
112927 | Snake:3  | Found Daock's Antique Armour Shoppe.
112927 | Snake:3  | Found Gasoqen's Distillery.
112930 | Snake:3  | Found Neaxtioski's Antique Armour Emporium.
112951 | Snake:3  | Bought a runed cloak for 262 gold pieces
114646 | Snake:4  | Entered Level 4 of the Snake Pit
114648 | Snake:4  | Found a corrupted altar of Lugonu.
115536 | Snake:4  | Identified Roxanne's Compendium of Moulding
115536 | Snake:4  | Noticed Roxanne
115540 | Snake:4  | Killed Roxanne
116088 | Snake:4  | Reached XP level 22. HP: 158/158 MP: 0/0
116878 | Snake:4  | Got a serpentine rune of Zot
118082 | Vaults:3 | Found Qexoshrubecw's General Store.
118610 | Vaults:3 | Found Neywn's Assorted Antiques.
118926 | Vaults:3 | Found Qaokeluo's Antique Weapon Emporium.
118971 | Vaults:3 | Found Zesuc's Armour Emporium.
119849 | Vaults:4 | Found a magical portal.
119876 | WizLab   | Entered Wucad Mu's Monastery
120373 | WizLab   | Found the +9 staff of Wucad Mu {*channel}
120950 | Lair:1   | Reached XP level 23. HP: 164/164 MP: 0/0
120950 | Lair:1   | Learned a level 8 spell: Discord
122432 | Vaults:4 | Reached XP level 24. HP: 171/171 MP: 0/0
122688 | Vaults:4 | Upgraded the game from 0.27-a0-1196-g3e9cee4cb2 to
                  | 0.27-a0-1200-g94dc6ad4cf
125041 | Elf:3    | Identified the +2 robe of the Okapi {Will+}
125439 | Elf:3    | Identified the +5 great mace of Hastrurafo {speed, Str-4
                  | Dex+7}
125439 | Elf:3    | Identified the ring "Woprel Dyme" {Contam rElec rPois rF+
                  | Str+6 Slay-3}
125449 | Elf:3    | Identified the +5 quarterstaff of Contention {drain, rC-
                  | Str+8 Int+7}
125672 | Elf:3    | Reached skill level 15 in Invocations
125751 | Elf:3    | Found the +3 sling "Punk" {acid, rCorr}
125864 | Elf:3    | Identified the Papyrus of Clay and Evil
127190 | Depths:1 | Found a bloodstained altar of Trog.
127464 | Depths:1 | Found a gateway to Hell.
127885 | Depths:2 | Noticed Asterion
127911 | Depths:2 | Killed Asterion
127983 | Depths:2 | Upgraded the game from 0.27-a0-1200-g94dc6ad4cf to
                  | 0.27-a0-1202-ge72e49191c
128517 | Depths:2 | Reached skill level 15 in Fighting
128669 | Depths:2 | Paralysed by a floating eye for 3 turns
129698 | Depths:2 | Found Peocoj's Jewellery Shop.
129698 | Depths:2 | Found Capn's Book Shoppe.
129699 | Depths:2 | Found Xilipae's Book Shoppe.
129906 | Depths:3 | Found a one-way gate leading to the halls of Pandemonium.
129928 | Depths:3 | Noticed Saint Roka
129960 | Depths:3 | Killed Saint Roka
130061 | Depths:3 | Found Jeagacran's Book Shoppe.
131030 | Depths:3 | Identified the +1 helmet of Anaesthesia {-Tele Rampage
                  | Regen+ Int-5}
131145 | Depths:3 | Reached XP level 25. HP: 178/178 MP: 0/0
131145 | Depths:3 | Learned a level 8 spell: Ignition
131872 | Depths:4 | Found a gateway to a ziggurat.
131960 | Depths:4 | Reached skill level 15 in Spellcasting
131964 | Depths:4 | Noticed Jory
131974 | Depths:4 | Noticed Margery
131981 | Depths:4 | Killed Jory
132043 | Depths:4 | Noticed Frederick
132062 | Depths:3 | Upgraded the game from 0.27-a0-1202-ge72e49191c to
                  | 0.27-a0-1228-gfd60fd639a
132686 | Elf:2    | Killed mordus's ghost
133328 | Depths:4 | Killed Frederick
133881 | Depths:4 | Killed Margery
133901 | Depths:4 | Found an ornate altar of the Wu Jian Council.
134080 | Depths:4 | Found Usomah's Armour Emporium.
134240 | Depths:4 | You are sucked into a shaft and drop 1 floor!
134240 | Depths:5 | Entered Level 5 of the Depths
134446 | Depths:5 | Found Viefism's Antique Armour Emporium.
134801 | Depths:4 | Noticed a royal mummy
134813 | Depths:4 | Killed a royal mummy
134817 | Depths:4 | Noticed a royal mummy
135035 | Depths:4 | Noticed a royal mummy
135071 | Depths:4 | Killed a royal mummy
135181 | Depths:4 | Found the +7 sceptre of Torment {pain, torment}
135279 | Depths:4 | Upgraded the game from 0.27-a0-1228-gfd60fd639a to
                  | 0.27-a0-1245-g940ed4fa31
135333 | Depths:4 | Killed a royal mummy
135927 | Depths:5 | Reached XP level 26. HP: 153/185 MP: 0/0
136061 | Depths:5 | Noticed a juggernaut
136252 | Depths:5 | Found a runed translucent gate.
136252 | Depths:5 | Found a runed translucent gate.
136276 | Depths:5 | Killed a juggernaut
136389 | Depths:5 | Found a runed translucent gate.
136389 | Depths:5 | Found an opulent altar of Gozag.
136470 | Depths:5 | Found Qihoryisis's Antique Weapon Shoppe.
136619 | Depths:5 | Found Minea's Assorted Antiques.
136619 | Depths:5 | Noticed Lidodu's ghost (adept DDFi)
136620 | Depths:5 | Found Teivyus's Assorted Antiques.
136779 | Depths:5 | Found a gateway to a bazaar.
136790 | Bazaar   | Entered a bazaar
136793 | Bazaar   | Found Uthrarel's Antique Weapon Emporium.
136813 | Bazaar   | Found Wukhuq's Antique Weapon Boutique.
136824 | Bazaar   | Found Pusol Yrir's Magic Scroll Shop.
136838 | Bazaar   | Found Hyw Isor's Antique Weapon Boutique.
136855 | Bazaar   | Found Cuifrad's Weapon Shoppe.
137020 | Bazaar   | Bought a scroll of enchant armour for 67 gold pieces
137020 | Bazaar   | Bought a scroll of enchant armour for 67 gold pieces
137020 | Bazaar   | Bought a scroll of magic mapping for 31 gold pieces
137181 | Bazaar   | Bought a glowing dagger for 105 gold pieces
137181 | Bazaar   | Bought a runed scimitar for 147 gold pieces
138048 | Depths:5 | Bought a crude scale mail for 324 gold pieces
138048 | Depths:5 | Identified the +5 scale mail of the Onion {Will++ Int-5
                  | Dex-5 Slay+5} (You bought it in a shop on level 5 of the
                  | Depths)
138048 | Depths:5 | Bought a sheer robe for 205 gold pieces
138048 | Depths:5 | Identified the +2 robe "Nithroe" {rC+ Int+7} (You bought it
                  | in a shop on level 5 of the Depths)
138642 | Depths:5 | Bought a dazzling ring mail for 324 gold pieces
138642 | Depths:5 | Identified the +1 ring mail of the Guild-Master {Rampage
                  | Will+ Regen+} (You bought it in a shop on level 5 of the
                  | Depths)
138642 | Depths:5 | Bought a glowing cloak for 270 gold pieces
138642 | Depths:5 | Bought a translucent ring mail for 324 gold pieces
138642 | Depths:5 | Identified the +0 ring mail "Tuniesis" {Str+5 Dex-2} (You
                  | bought it in a shop on level 5 of the Depths)
139274 | Depths:5 | Found a gate to the Realm of Zot.
139578 | Depths:5 | Identified the +8 short sword of Gyhuoq {drain, rElec}
139783 | Depths:5 | Killed Lidodu's ghost
139800 | Depths:5 | Bought a twitching bone ring for 125 gold pieces
139800 | Depths:5 | Identified the ring "Jeogaw" {rPois rF+ EV+4 Slay+2} (You
                  | bought it in a shop on level 5 of the Depths)
139804 | Depths:5 | Bought a scroll of blinking for 210 gold pieces
140423 | Elf:1    | Fell from the grace of Elyvilon
140423 | Elf:1    | Became a worshipper of the Shining One
140423 | Elf:1    | Reached * piety under the Shining One
140423 | Elf:1    | Reached ** piety under the Shining One
140423 | Elf:1    | Reached *** piety under the Shining One
140804 | Crypt:2  | Noticed a dread lich
140846 | Crypt:1  | Killed a dread lich
141124 | Crypt:2  | Upgraded the game from 0.27-a0-1245-g940ed4fa31 to
                  | 0.27-a0-1256-gced786f65e
141186 | Crypt:2  | Reached **** piety under the Shining One
141305 | Crypt:2  | Found a large runed translucent door.
141306 | Crypt:2  | Found a large runed translucent door.
141317 | Crypt:2  | Noticed Quonaopt's ghost (veteran VSFi)
141652 | Crypt:3  | Entered Level 3 of the Crypt
141975 | Crypt:3  | Reached ***** piety under the Shining One
142624 | Crypt:3  | Reached ****** piety under the Shining One
143237 | Crypt:3  | Found a staircase to the Tomb.
143692 | Crypt:3  | Identified the ring of Makhleb's Inspiration {rElec rPois
                  | Will- rCorr Str+3}
143760 | Crypt:3  | Identified the ring "Zeixurgh" {Ice rN++}
143761 | Crypt:3  | Noticed an ancient lich
143774 | Crypt:3  | HP: 1/187 [ancient lich/crystal spear (56)]
143778 | Crypt:3  | Killed an ancient lich
143927 | Crypt:3  | Identified the Handbook of Transformation and Confrontation
144992 | Crypt:3  | Reached XP level 27. HP: 193/193 MP: 0/0
144992 | Crypt:3  | Learned a level 9 spell: Polar Vortex
145277 | Crypt:3  | Upgraded the game from 0.27-a0-1256-gced786f65e to
                  | 0.27-a0-1273-gec92ba881d
146207 | Lair:1   | Identified a +5 eudemon blade of holy wrath (a +3 demon
                  | blade of flaming blessed by the Shining One)
146207 | Lair:1   | Received a gift from the Shining One
146553 | Vaults:5 | Entered Level 5 of the Vaults
146602 | Vaults:5 | Noticed a dread lich
146616 | Vaults:5 | Killed a dread lich
146944 | Vaults:5 | Reached skill level 10 in Armour
147124 | Vaults:5 | Identified the amulet of Byebexou {*Slow rN+++ Regen+ Str+4
                  | Dex-3}
147906 | Vaults:5 | Reached skill level 5 in Long Blades
147937 | Vaults:5 | Identified the +1 leather armour of the Big Bang {rPois
                  | rF++ rN+ Dex-4}
147938 | Vaults:5 | Identified the +1 leather armour "Guyfesud" {SInv}
148397 | Vaults:5 | Identified the +5 battleaxe "Rolluero" {vorpal, rN+ Will+}
148432 | Vaults:5 | Got a silver rune of Zot
148441 | Vaults:5 | Identified the +3 kite shield "Merem" {Fly Dex-2 SInv}
148685 | Vaults:5 | Noticed Mara
148687 | Vaults:5 | Noticed Snarg's illusion
148692 | Vaults:5 | Killed Mara
149220 | Vaults:5 | Identified the +7 scimitar of Divine Tenacity {pain, Int+7}
149220 | Vaults:5 | Identified the +7 arbalest of Ecwou {vorpal, rElec rF+}
149629 | Vaults:5 | Identified the +7 dagger of Intimidation {antimagic, *Slow
                  | Will++ Str-2 Int+3}
150546 | Vaults:5 | Upgraded the game from 0.27-a0-1273-gec92ba881d to
                  | 0.27-a0-1278-g6cbc8dfb29
151256 | Zot:1    | Entered Level 1 of the Realm of Zot
152549 | Zot:2    | Noticed a Killer Klown
152561 | Zot:2    | Killed a Killer Klown
153458 | Zot:3    | You are sucked into a shaft and drop 1 floor!
153461 | Zot:4    | Identified the +0 pair of gloves of Devotion {rC++ Will+
                  | Str-5 Int+3}
153486 | Zot:3    | Noticed an orb of fire
153494 | Zot:3    | Gained mutation: You are frail. (-10% HP) [an orb of fire]
153599 | Zot:3    | HP: 4/173 [acid (8)]
154113 | Zot:3    | Killed an orb of fire
154242 | Zot:3    | Upgraded the game from 0.27-a0-1278-g6cbc8dfb29 to
                  | 0.27-a0-1281-ge233d83751
155837 | Zot:4    | Noticed an orb of fire
155853 | Zot:4    | Gained mutation: You sometimes lose the ability to read
                  | scrolls when taking damage. [an orb of fire]
155974 | Zot:4    | Killed an orb of fire
156054 | Zot:4    | Upgraded the game from 0.27-a0-1281-ge233d83751 to
                  | 0.27-a0-1287-gca74d27db6
156399 | Zot:4    | Noticed an orb of fire
156546 | Zot:4    | Lost mutation: You are frail. (-10% HP) [potion of
                  | mutation]
156546 | Zot:4    | Lost mutation: You sometimes lose the ability to read
                  | scrolls when taking damage. [potion of mutation]
156546 | Zot:4    | Gained mutation: You possess an exceptional clarity of
                  | mind. [potion of mutation]
156546 | Zot:4    | Gained mutation: Your spells are a little harder to cast,
                  | but a little more powerful. [potion of mutation]
156546 | Zot:4    | Gained mutation: You are occasionally teleported next to
                  | monsters. [potion of mutation]
156882 | Lair:1   | Lost mutation: You possess an exceptional clarity of mind.
                  | [potion of mutation]
156882 | Lair:1   | Lost mutation: Your spells are a little harder to cast, but
                  | a little more powerful. [potion of mutation]
156882 | Lair:1   | Lost mutation: You are occasionally teleported next to
                  | monsters. [potion of mutation]
156882 | Lair:1   | Gained mutation: You are occasionally teleported next to
                  | monsters. [potion of mutation]
156883 | Lair:1   | Lost mutation: You are occasionally teleported next to
                  | monsters. [potion of mutation]
156883 | Lair:1   | Gained mutation: Your movements are slightly less
                  | encumbered by armour. (ER -2) [potion of mutation]
156928 | Lair:1   | Upgraded the game from 0.27-a0-1287-gca74d27db6 to
                  | 0.27-a0-1291-geefcff550b
157134 | Hell     | Entered the Vestibule of Hell
157134 | Hell     | Noticed Geryon
157142 | Hell     | Killed Geryon
157293 | Hell     | Found a gateway to the ashen valley of Gehenna.
157435 | Hell     | Found a gateway to the decaying netherworld of Tartarus.
157500 | Hell     | Found a gateway to the freezing wastes of Cocytus.
157612 | Hell     | Found a gateway to the Iron City of Dis.
157712 | Geh:1    | Entered Level 1 of Gehenna
159012 | Geh:3    | Cast into level 3 of the Abyss (reaper)
159247 | Geh:3    | Escaped the Abyss
159564 | Geh:4    | Reached skill level 10 in Evocations
161775 | Geh:7    | Entered Level 7 of Gehenna
162081 | Geh:7    | Upgraded the game from 0.27-a0-1291-geefcff550b to
                  | 0.27-a0-1299-g1ab19c6527
162871 | Geh:7    | Upgraded the game from 0.27-a0-1299-g1ab19c6527 to
                  | 0.27-a0-1301-g128193abf8
163031 | Geh:2    | Upgraded the game from 0.27-a0-1301-g128193abf8 to
                  | 0.27-a0-1312-g5cdb2b3542
164272 | Geh:7    | Found the +7 sceptre of Asmodeus
164272 | Geh:7    | Noticed Asmodeus
164287 | Geh:7    | HP: 8/202 [Asmodeus] (2)]
164287 | Geh:7    | Annihilated by Asmodeus

Illustrated notes

Levels and vault maps discovered:
D:1:      dpeg_arrival_tiny_c, layout_loops_cross
D:2:      layout_basic, hellmonk_ecumenical_altar_zigzags,
          chequers_serial_rivers_small_3, corexii_item_surrounded_by_moat,
          kennysheep_generic_room_14
D:3:      layout_rooms
D:4:      layout_basic, minmay_temple_entry_statues
D:5:      layout_cave_pods
D:6:      layout_basic, gammafunk_ghost_necromancy, kennysheep_small_circle
D:7:      layout_gridville
D:8:      lemuel_ice_statue, layout_loops_cross, nicolae_ossuary_entry_plus
D:9:      layout_basic, chequers_serial_rivers_micro_c, uniq_erica, uniq_erolcha
D:10:     layout_layer_cave, nicolae_overflow_crystal_walls,
          grunt_lair_entry_orc_guard_hut
D:11:     minmay_spotlight, layout_irregular_city, erik_orc_4, uniq_sonja
D:12:     layout_roguey, gauntlet_entry_generic, nzn_hepliaklqana_mist_gate,
          uniq_snorg
D:13:     layout_basic, serial_shops, nicolae_shop_overgrown_old_shop, shop,
          shop, nicolae_shop_trees, minmay_misc_feat_four_crosses
D:14:     layout_basic, skrybe_vaults_entry_preservation, serial_park_tiny_2,
          grunt_livestock
D:15:     grunt_enter_depths_magical_seal, layout_basic,
          roderic_serpentine_path, einodemon_armed_red_devil_minivault
Temple:   kilobyte_greek_temple
Lair:1:   layout_cave_shapes, kennysheep_abandoned_house, grunt_megastairs_4
Lair:2:   layout_layer_cave, elwin_shoals_entry_rocks
Lair:3:   layout_loops_ring, grunt_forest_large_clearing_hut,
          grunt_megastairs_5, minmay_lair_oklob_chamber
Lair:4:   layout_roguey, minmay_snake_entry_guardpost_medium, special_room
          [special_room_bee], grunt_megastairs_2
Lair:5:   layout_cave_pods, nicolae_slime_entry_slimehenge, enter_volcano_4
Lair:6:   hangedman_lair_in_review, layout_regular_city, st_stairs_10,
          serial_bayou_pond_e, fungi_pond_lemuel, lemuel_fruit_tree
Shoals:1: layout_shoals, serial_shops, nicolae_shop_window_shopping,
          nicolae_shop_waterfront, nicolae_shop_behind_doors
Shoals:2: layout_shoals, serial_shops,
          nicolae_shop_temple_entry_statues_fountains, uniq_nikola
Shoals:3: layout_shoals, nicolae_shoals_cliffside_cave, uniq_polyphemus
Shoals:4: shoals_end_grunt_ice, layout_shoals, nicolae_shoals_isolated_beach
Snake:1:  layout_onion
Snake:2:  layout_cave_town, grunt_ministairs_3, evilmike_ambush
          [evilmike_ambush_outer_basic, evilmike_ambush_inner_wall_2],
          uniq_donald
Snake:3:  layout_chambers, minmay_shoptagon, grunt_megastairs_3
Snake:4:  snake_pit, layout_cave_town, amcnicky_altar_lugonu_corruption,
          uniq_roxanne
Orc:1:    layout_caves, uniq_fannar
Orc:2:    st_orc_elflike, layout_caves, mines2_david
Elf:1:    eino_elf_arrival_altar, layout_onion_city,
          portal_desolation_entry_holy_temple, minmay_elf_sorcery,
          minmay_misc_feat_rows, uniq_frances
Elf:2:    layout_gridlike, gammafunk_ghost_abyssal_escape,
          serial_sigils_hangedman_carve, lemuel_flamethrower_3,
          lemuel_upstairs_altar, uniq_agnes
Elf:3:    minmay_elf_hall_dome, layout_gridlike, minivault_15
Vaults:1: nicolae_vaults_hallways_thing, v_pattern_5, v_misc_22,
          ontoclasm_vaults_misaligned, vaults_room_semicircle,
          nicolae_vaults_windows_and_doors_thing, vaults_room_pool,
          hangedman_vaults_capsules, ontoclasm_vaults_twist, v_alt_pattern_6,
          layout_vaults_quadrants
Vaults:2: minmay_crypt_entry_vampire_xt, v_misc_10,
          nicolae_vaults_border_crossing, vaults_room_pools,
          nicolae_vaults_stairing_the_circle, ontoclasm_vaults_ligature,
          v_misc_28, vaults_room_fours, vaults_standard_mumra_enter_the_diamond,
          nicolae_vaults_statue_guard, vaults_room_door_ring, vaults_mumra_lcd,
          ontoclasm_vaults_loading_screen, vaults_dpeg_ring, layout_vaults_maze,
          uniq_xtahua
Vaults:3: vaults_room_pools, vaults_room_corners, v_pattern_2, v_rooms_1,
          nicolae_vaults_big_ls, hangedman_vaults_restitches,
          vaults_mumra_minichess_inversion, vaults_dpeg_doors,
          vaults_room_stairs_pillars, vaults_room_hallway,
          hangedman_vaults_impose, hangedman_vaults_hard_town_square,
          vaults_dpeg_diagonal, layout_vaults_ring, serial_shops,
          bzr_entry_water, shop, shop, shop_fountains,
          nicolae_shop_behind_doors, serial_glass
Vaults:4: nicolae_vaults_rhombus_5, vaults_dpeg_spiral, ontoclasm_vaults_pinch,
          ontoclasm_vaults_loading_screen, vaults_dpeg_cross,
          ontoclasm_vaults_eye, v_misc_31, nicolae_vaults_shelves_hall,
          vaults_mumra_minichess, hangedman_vaults_river_flow, v_misc_33,
          nicolae_vaults_little_squares_6, layout_vaults_big_cross,
          infiniplex_enter_wizlab_glasses
Vaults:5: serial_shops, uniq_mara
Crypt:1:  layout_chaotic_city
Crypt:2:  layout_gridlike, ebering_ghost_disaster_area
Crypt:3:  evilmike_haunted_forest
Depths:1: layout_basic, pf_coc_iceberg, hangedman_decor_growths,
          evilmike_spriggan_trog_shrine
Depths:2: minmay_blocking_statues, layout_basic, amcnicky_mini_pool_small,
          hell_entry, minmay_shop_grove, infiniplex_staircase_hallway_doors,
          uniq_asterion
Depths:3: cross_vault, layout_gridlike, kennysheep_nondescript, serial_shops,
          shop, pan_entry, hell_entry, infiniplex_staircase_pool_2,
          grunt_megastairs_1, uniq_saint_roka
Depths:4: minmay_guarded_unrand_sceptre_of_torment, layout_basic,
          enter_ziggurat_d, abyss_entry, serial_shops, kennysheep_mini,
          solitary_fountain, hell_entry, grunt_pan_entry_sceptre,
          nzn_wu_jian_contemplation, infiniplex_staircase_spiral_double,
          serial_bayou_shore_a, uniq_jory, uniq_margery, uniq_frederick
Depths:5: evilmike_zot_entry_diamond, layout_gridlike, ebering_ghost_gozag,
          minmay_misc_feat_doors, serial_shops, bzr_entry_safe, shop, shop,
          grunt_hell_horde, grunt_ministairs_8, hangedman_aviary
Hell
Geh:1:    layout_gehenna_pools_box
Geh:2:    layout_gehenna_pools_triple
Geh:3:    layout_gehenna_pools_triple
Geh:4:    layout_gehenna_lava_caves
Geh:5:    layout_gehenna_pools_box, lemuel_old_faithful
Geh:6:    layout_gehenna_pools_box
Geh:7:    geh_hangedman
Zot:1:    layout_misc_corridors
Zot:2:    layout_cellular_growth
Zot:3:    layout_twisted_circle, st_single_dragon_hoard_4
Zot:4:    layout_gridlike

Skill      XL: |  1  2  3  4  5  6  7  8  9 10 11 12 13 14 15 16 17 18 19 20 21 22 23 24 25 26 27 |
---------------+----------------------------------------------------------------------------------+-----
Spellcasting   | 3 4 5 6 7 8 9 10 11 12 14 16 17 22 | 22.8
Armour         | 3 4 5 6 7 8 9 11 | 11.0
Dodging        | 1 2 3 4 7 8 9 11 12 13 14 15 16 17 19 22 | 22.3
Invocations    | 1 2 3 4 5 6 8 9 10 11 12 13 14 15 18 | 18.1
Fighting       | 2 3 4 5 6 8 10 11 12 13 14 15 18 | 18.8
Stealth        | 1 2 3 4 5 6 7 8 9 |  9.0
Short Blades   | 1 4 5 7 8 9 11 14 | 14.0
Evocations     | 3 4 5 6 10 | 10.0
Throwing       | 2 |  2.0
Shields        | 2 5 6 9 11 13 15 | 15.0
Long Blades    | 2 3 4 9 |  9.7
Maces & Flails | |  1.5
Unarmed Combat | |  0.2

Action                   |  1- 3 |  4- 6 |  7- 9 | 10-12 | 13-15 | 16-18 | 19-21 | 22-24 | 25-27 || total
-------------------------+-------+-------+-------+-------+-------+-------+-------+-------+-------++-------
Melee: Short sword       |    47 |    66 |   322 |   571 |    96 |       |       |       |       ||  1102
       Club              |     3 |       |       |       |       |       |       |       |       ||     3
       Unarmed           |       |       |    31 |   141 |    18 |     2 |    19 |       |       ||   211
       Punch             |       |       |     1 |     2 |       |       |       |       |       ||     3
       Scimitar          |       |       |       |     3 |   236 |    33 |    43 |       |    11 ||   326
       Quick blade       |       |       |       |       |  1558 |  1254 |  1025 |       |       ||  3837
       Mace              |       |       |       |       |    27 |       |       |       |       ||    27
       Dagger            |       |       |       |       |     3 |       |     1 |     5 |       ||     9
       Cutlass           |       |       |       |       |       |       |   353 |  1108 |   945 ||  2406
       Long sword        |       |       |       |       |       |       |       |       |   377 ||   377
       Rapier            |       |       |       |       |       |       |       |       |   116 ||   116
       Eudemon blade     |       |       |       |       |       |       |       |       |  1525 ||  1525
       Staff             |       |       |       |       |       |       |       |       |    75 ||    75
Throw: Dart              |       |     1 |    10 |    39 |    52 |     8 |     3 |     1 |     2 ||   116
       Stone             |       |     1 |       |       |       |       |       |       |       ||     1
       Boomerang         |       |       |    70 |     5 |    10 |     3 |    11 |     2 |       ||   101
       Throwing net      |       |       |       |       |     1 |       |     2 |       |       ||     3
       Javelin           |       |       |       |       |       |     2 |     1 |     1 |     1 ||     5
 Cast: Sting             |    33 |    59 |    82 |   239 |   566 |   302 |   186 |   103 |   260 ||  1830
       Pain              |     2 |       |       |       |       |       |       |       |       ||     2
       Slow              |       |     5 |    40 |   132 |   263 |   139 |    57 |    25 |     4 ||   665
       Spider Form       |       |       |     3 |     1 |     3 |       |       |       |       ||     7
       Dazzling Flash    |       |       |     1 |    22 |     9 |    13 |     8 |     1 |     3 ||    57
       Petrify           |       |       |       |     6 |    11 |    65 |    54 |    35 |    14 ||   185
       Ice Form          |       |       |       |    14 |     2 |     1 |     2 |     3 |     2 ||    24
       Lee's Rapid Decon |       |       |       |       |    77 |   184 |   196 |   169 |   234 ||   860
       Shadow Creatures  |       |       |       |       |       |   132 |   243 |   156 |   233 ||   764
       Conjure Ball Ligh |       |       |       |       |       |       |    10 |     6 |    10 ||    26
       Ignition          |       |       |       |       |       |       |       |       |   204 ||   204
       Discord           |       |       |       |       |       |       |       |       |     6 ||     6
       Polar Vortex      |       |       |       |       |       |       |       |       |    85 ||    85
Invok: Heal Other        |       |     4 |       |     2 |    13 |     6 |       |       |       ||    25
       Lesser Healing    |       |       |     1 |     1 |       |     1 |     1 |       |       ||     4
       Greater Healing   |       |       |     1 |     4 |     8 |    14 |    26 |     2 |     7 ||    62
       Divine Protection |       |       |       |       |       |     1 |       |       |       ||     1
       Purification      |       |       |       |       |       |       |     2 |     1 |     1 ||     4
       Summon Divine War |       |       |       |       |       |       |       |       |    19 ||    19
       Divine Shield     |       |       |       |       |       |       |       |       |     5 ||     5
       Cleansing Flame   |       |       |       |       |       |       |       |       |     9 ||     9
       Brand Weapon With |       |       |       |       |       |       |       |       |     1 ||     1
 Abil: End Transformatio |       |       |       |       |       |     1 |     2 |     3 |     2 ||     8
Evoke: Wand              |       |       |    32 |    24 |    16 |    15 |    15 |    14 |    25 ||   141
       Lightning rod     |       |       |       |       |       |     5 |       |       |     3 ||     8
       Piece from Xom's  |       |       |       |       |       |       |     1 |       |       ||     1
       Phial of floods   |       |       |       |       |       |       |       |       |     1 ||     1
       Phantom mirror    |       |       |       |       |       |       |       |       |     1 ||     1
       Tin of tremorston |       |       |       |       |       |       |       |       |     1 ||     1
  Use: Scroll            |       |       |    11 |    11 |    13 |    10 |    15 |       |    19 ||    79
       Potion            |       |       |       |     2 |     8 |     6 |     9 |     5 |    27 ||    57
 Stab: Distracted        |       |       |     1 |       |     1 |     1 |    13 |    11 |     7 ||    34
       Petrifying        |       |       |       |     6 |       |     9 |    16 |     4 |     7 ||    42
       Invisible         |       |       |       |     8 |     5 |     9 |     7 |       |       ||    29
       Petrified         |       |       |       |       |     3 |    47 |    31 |     9 |       ||    90
       Sleeping          |       |       |       |       |     7 |    15 |    18 |     5 |    10 ||    55
       Held in net/web   |       |       |       |       |     1 |       |       |       |       ||     1
       Confused          |       |       |       |       |       |       |     1 |       |       ||     1
       Paralysed         |       |       |       |       |       |       |       |       |     9 ||     9
Armor: Ring mail         |    23 |    46 |   114 |   188 |   224 |     6 |       |       |       ||   601
       Skin              |       |       |     1 |    17 |     2 |       |     4 |       |     1 ||    25
       Steam dragon scal |       |       |       |       |       |   155 |   116 |    91 |   117 ||   479
       Quicksilver drago |       |       |       |       |       |       |       |       |   356 ||   356
Dodge: Dodged            |    25 |    49 |   212 |   497 |   820 |   543 |   530 |   354 |  1359 ||  4389
Block: Buckler           |       |       |       |    58 |   361 |   172 |       |       |       ||   591
       Kite shield       |       |       |       |       |       |   164 |   693 |   525 |  1718 ||  3100
       Reflection        |       |       |       |       |       |       |    32 |    47 |    23 ||   102
       Rpst.: Scimitar   |       |       |       |     1 |    33 |     1 |    12 |       |       ||    47
       Long sword        |       |       |       |       |       |       |       |       |    31 ||    31
       Eudemon blade     |       |       |       |       |       |       |       |       |    97 ||    97

Table legend: (Time is in decaauts)
 A = Elapsed time spent in this place.
 B = Non-inter-level travel time spent in this place.
 C = Inter-level travel time spent in this place.
 D = Time resting spent in this place.
 E = Time spent auto-exploring this place.
 F = Levels seen in this place.
 G = Mean time per level.
                   A        B        C        D        E       F      G
               +--------+--------+--------+--------+--------+-----+--------+
         Total | 160044 | 127967 |  32077 |  55523 |  35287 |  67 | 2388.7 |
       Dungeon |  40924 |  30413 |  10511 |  13574 |  11150 |  15 | 2728.3 |
        Temple |    239 |    191 |     48 |      0 |    191 |   1 |  239.0 |
          Lair |  27642 |  21587 |   6055 |  10872 |   5218 |   6 | 4607.0 |
        Shoals |  16263 |  14497 |   1766 |   8586 |   1313 |   4 | 4065.8 |
     Snake Pit |   6835 |   5516 |   1319 |   1096 |   2376 |   4 | 1708.8 |
  Orcish Mines |   5269 |   4306 |    963 |   2403 |    905 |   2 | 2634.5 |
   Elven Halls |  11544 |   9260 |   2284 |   4736 |   2054 |   3 | 3848.0 |
        Vaults |  19059 |  15323 |   3736 |   6845 |   3957 |   5 | 3811.8 |
         Crypt |   6092 |   5143 |    949 |   1338 |   1835 |   3 | 2030.7 |
        Depths |  11378 |   8695 |   2683 |   2197 |   3633 |   5 | 2275.6 |
          Hell |    949 |    880 |     69 |    381 |    244 |   1 |  949.0 |
       Gehenna |   5029 |   4032 |    997 |    395 |    711 |   7 |  718.4 |
           Zot |   5016 |   4321 |    695 |   1500 |   1413 |   4 | 1254.0 |
         Abyss |    368 |    368 |      0 |     61 |     70 |   3 |  122.7 |
        Bazaar |    461 |    461 |      0 |      0 |     63 |   1 |  461.0 |
       Ossuary |    919 |    919 |      0 |    322 |     99 |   1 |  919.0 |
       Volcano |   1485 |   1485 |      0 |   1159 |      0 |   1 | 1485.0 |
        Wizlab |    563 |    563 |      0 |     54 |     55 |   1 |  563.0 |
               +--------+--------+--------+--------+--------+-----+--------+

Top non-repeatable levels by time:
  Lair:1: 6874 daAuts
Vaults:1: 5783 daAuts
  Lair:2: 5679 daAuts
    D:10: 5633 daAuts
  Lair:4: 5420 daAuts
Vaults:2: 5038 daAuts
   Elf:1: 4979 daAuts
Shoals:3: 4605 daAuts
   Elf:2: 4448 daAuts
Shoals:1: 4383 daAuts
  Lair:6: 3843 daAuts
Shoals:2: 3724 daAuts
    D:15: 3643 daAuts
Shoals:4: 3550 daAuts
    D:11: 3549 daAuts
